 Dungeon Crawl Stone Soup version 0.21.0-3-g78d12a8 (webtiles) character file.

32 RollingDesktops the Slasher (level 3, -3/35 HPs)
             Began as a Gnoll Chaos Knight on Jan 12, 2018.
             Slain by a wolf (6 damage)
             ... on level 2 of the Dungeon.
             The game lasted 00:02:38 (604 turns).

RollingDesktops the Slasher (Gnoll Chaos Knight)     Turns: 604, Time: 00:02:39

Health: -3/35      AC:  7    Str: 15    XL:     3   Next: 25%
Magic:  3/3        EV: 12    Int: 14    God:    Xom [..*...]
Gold:   58         SH:  0    Dex: 14    Spells: 3/3 levels left

rFire    . . .     SeeInvis .   a - +0 falchion (chaos)
rCold    . . .     Gourm    .   (no shield)
rNeg     . . .     Faith    .   b - +2 leather armour
rPois    .         Spirit   .   j - +1 hat
rElec    .         Reflect  .   (no cloak)
rCorr    .         Harm     .   (no gloves)
MR       .....                  h - +0 pair of boots (curse)
Stlth    +.........             (no amulet)
HPRegen  0.11/turn              (no ring)
MPRegen  0.08/turn              (no ring)

@: very slightly contaminated, invisible
A: distributed training, fangs 1, strong nose
a: Renounce Religion


You were on level 2 of the Dungeon.
You worshipped Xom.
You were a toy of Xom.
You were not hungry.

You visited 1 branch of the dungeon, and saw 2 of its levels.

You collected 58 gold pieces.

Inventory:

Hand Weapons
 a - a +0 falchion of chaos (weapon)
Armour
 b - a +2 leather armour (worn)
 h - a cursed +0 pair of boots (worn)
 j - a +1 hat (worn)
Scrolls
 d - a scroll of enchant armour {unknown}
 e - a scroll of remove curse {unknown}
 f - 2 scrolls of identify {unknown}
 i - a scroll of teleportation {unknown}
Potions
 g - a potion of magic {unknown}
Comestibles
 c - 3 rations


   Skills:
 + Level 6.5 Fighting
 + Level 0.6 Short Blades
 + Level 6.5 Long Blades
 + Level 0.6 Axes
 + Level 0.6 Maces & Flails
 + Level 0.6 Polearms
 + Level 0.6 Staves
 + Level 0.6 Slings
 + Level 0.6 Bows
 + Level 0.6 Crossbows
 + Level 0.6 Throwing
 + Level 4.5 Armour
 + Level 2.5 Dodging
 + Level 0.6 Stealth
 + Level 0.6 Shields
 + Level 0.6 Unarmed Combat
 + Level 0.6 Spellcasting
 + Level 0.4 Conjurations
 + Level 0.4 Hexes
 + Level 0.4 Charms
 + Level 0.4 Summonings
 + Level 0.4 Necromancy
 + Level 0.4 Translocations
 + Level 0.4 Transmutations
 + Level 0.4 Fire Magic
 + Level 0.4 Ice Magic
 + Level 0.4 Air Magic
 + Level 0.4 Earth Magic
 + Level 0.4 Poison Magic
 + Level 0.8 Invocations
 + Level 0.6 Evocations


You had 3 spell levels left.
You didn't know any spells.

Dungeon Overview and Level Annotations

Branches:
Dungeon (2/15)

Altars:


Innate Abilities, Weirdness & Mutations

Your experience applies equally to all skills.
You have very sharp teeth.
Your uncanny sense of smell can sniff out nearby items.


Message History

You closely miss the wolf. The wolf bites you. The rat bites you.
The wolf barely misses you.
You hit the wolf but do no damage. The wolf bites you!
The rat barely misses you. The wolf bites you!
* * * LOW HITPOINT WARNING * * *
You miss the wolf. Xom smiles on you.
You fade into invisibility!
The wolf bites you but does no damage.
You are very lightly contaminated with residual magic.
You barely miss the wolf. The wolf bites you but does no damage.
The wolf bites you.
* * * LOW HITPOINT WARNING * * *
You closely miss the wolf. The wolf completely misses you.
The wolf barely misses you.
You riposte.
You completely miss the wolf. You hit the wolf.
The wolf is poisoned.
The wolf is lightly wounded.
The wolf bites you.
You die...
Xom is highly amused!

... #.# ##.#
.########..#
...........# ######
#........####.....
#.............########
#....@hr........†.....
#........#############
#.......[# #........#
#........# #........#
#........# ##########


You could see a wolf and a rat.

Vanquished Creatures
  A worm (D:2)
  A leopard gecko (D:1)
  3 goblins (D:1)
  6 hobgoblins
  3 kobolds (D:1)
  5 bats (D:1)
  3 frilled lizards (D:1)
  4 rats
26 creatures vanquished.

Notes
Turn   | Place    | Note
-------+----------+-------------------------------------------
     0 | D:1      | RollingDesktops the Gnoll Chaos Knight began the quest for the Orb.
     0 | D:1      | Reached XP level 1. HP: 23/23 MP: 1/1
    75 | D:1      | XOM: mild Erth miscast
    81 | D:1      | Reached XP level 2. HP: 29/29 MP: 2/2
   119 | D:1      | XOM: smoke on damage
   139 | D:1      | XOM: butterfly on damage
   272 | D:1      | XOM: divination: magic mapping
   427 | D:1      | Reached XP level 3. HP: 31/35 MP: 3/3
   567 | D:2      | XOM: god gift: 20 gold pieces
   598 | D:2      | Noticed a wolf
   598 | D:2      | a worm changed into a wolf
   598 | D:2      | XOM: polymorph worm -> wolf
   601 | D:2      | XOM: potion effect (invisibility)
   604 | D:2      | Slain by a wolf

Action                   || total
-------------------------++-------
Melee: Falchion          ||    69
       Bite              ||     7
Armor: Leather armour    ||    33
Dodge: Dodged            ||    56
       Rpst.: Falchion   ||    19
